Description

If You Like my builds subscribe to my Youtube.com channel, become a patron on Patreon.com or follow social media channels:

1)Youtube Channel http://www.youtube.com/c/AndYouLeftTheGame

2)Become Patreon http://www.Patreon.com/AndYouLeftTheGame

3)Follow Twitter https://twitter.com/AndYouLeftTheG1

4)Donate using Bitcoin 1nf8rHZPJkkfPpfef1xsYNZwxfj1uiy4M

VOD

https://www.youtube.com/watch?v=GiXXJYmN9zw&t=115s

Build Order

Get SALT Encoding   

  15  0:21  Pylon  
  16  0:40   Gateway  16 Harvesters or Over
  16  0:44  Assimilator  16 Harvesters or Over
  19  1:19  Nexus  19 Harvesters or Over
  19  1:29  Cybernetics Core  
  20  1:37  Assimilator  20 Harvesters or Over
  20  1:52  Pylon  On the Corner of the Main Base
  25  2:21  Stargate  25 Harvesters or Over
  25  2:25  Pylon  
  25  3:03  Warp Gate  Cybernetics Core Upgrade
  25  3:17  Pylon  
  25  3:26  Pylon  
  25  3:56  Gateway  
  25  4:03  Pylon  
  25  4:18  Twilight Council  
  25  4:19  Robotics Facility  
  25  4:25  Gateway  
  22  4:45  Gateway  
  25  4:51  Assimilator  
  25  4:52  Charge  Twilight Council Upgrade
Spawning Tool Build Advisor. Get it on Overwolf

Analysis

Beginner friendly build, map played is Lost and Found LE and the build order is based on professional Starcraft 2 game in WCS Austin 2018 but its not the exact copy.

Dont take supply count as a serious measure because situation will always change from game to game so it cant be precise all the time, train soldiers at your discretion in order to tackle or prepare for various combat situations that may arise during gameplay.

Watch incorporated Youtube video in this posts VOD section or follow the link to ( https://www.youtube.com/watch?v=GiXXJYmN9zw&t=115s ), where I have played the build myself, you will learn where exactly to place the buildings and how it all comes together.

Go to:

Details

  • Created by: AndYouLeftTheGame     
  • Published on: Jun 30, 2018
  • Modified on: Jul 02, 2018
  • Patch: 4.0.0
Show
View Real Time Build Order
Export as new Build Order

Comments (0)

There are no comments. Be the first!

Create an account to comment!